 Dungeon Crawl Stone Soup version 0.16-a0-3736-g4b94454 (webtiles) character file.

585 Johnny the Ducker (level 7, -5/50 HPs)
             Began as an Octopode Fighter on Jan 22, 2015.
             Was an Initiate of the Shining One.
             Slain by a crocodile (19 damage)
             ... in a sewer.
             The game lasted 00:06:43 (3707 turns).

Johnny the Ducker (Octopode Fighter)                Turns: 3707, Time: 00:06:43

Health: -5/50      AC:  1    Str: 16    XL:     7   Next: 37%
Magic:  7/7        EV: 12    Int: 11    God:    the Shining One [......]
Gold:   270        SH:  9    Dex: 12    Spells: 0 memorised, 6 levels left

rFire  . . .     SeeInvis .     M - +1 short sword (flame)
rCold  . . .     Clarity  .     c - +0 shield
rNeg   . . .     SustAb   .     (helmet restricted)
rPois  .         Gourm    .     o - amulet of regeneration
rElec  .         Spirit   .     (no ring)
rCorr  .         Warding  .     (no ring)
rMut   .         Stasis   .     (no ring)
MR     .....                    (no ring)
Stlth  ++........               (no ring)
                                (no ring)
                                (no ring)
                                (no ring)

@: not resistant to hostile enchantments, unstealthy
A: almost no armour, amphibious, 8 rings, constrict 8, camouflage 1, gelatinous
body 1
a: Renounce Religion


You were in a sewer.
You worshipped the Shining One.
The Shining One was noncommittal.
You were hungry.

You visited 1 branch of the dungeon, and saw 6 of its levels.
You also visited: Sewer.

You collected 270 gold pieces.

Inventory:

Hand weapons
 a - a +0 long sword
 g - a +4 short sword
 D - a +1 mace of draining
 M - a +1 short sword of flaming (weapon)
Armour
 c - a +0 shield (worn)
Jewellery
 n - an uncursed amulet of guardian spirit {unknown}
 o - an amulet of regeneration (around mantle)
Magical devices
 r - a wand of polymorph (9)
 w - a wand of polymorph (9)
 K - a wand of polymorph (0)
Scrolls
 b - 4 scrolls of remove curse
 p - a scroll of magic mapping
 u - 2 scrolls of blinking {unknown}
 v - a scroll of amnesia {unknown}
 x - a scroll of random uselessness {unknown}
 y - a scroll of recharging {unknown}
 A - 2 scrolls of fear {unknown}
 E - a scroll of immolation {unknown}
 I - 2 scrolls of teleportation {unknown}
 J - a scroll of enchant armour {unknown}
Potions
 e - 3 potions of might
 f - a potion of mutation
 i - a potion of brilliance
 j - 5 potions of heal wounds
 k - a potion of cancellation
 l - a potion of beneficial mutation
 m - a potion of lignification {unknown}
 t - a potion of cure mutation {unknown}
 C - a potion of flight {unknown}
 F - a potion of decay {unknown}
 G - a potion of ambrosia {unknown}
 L - a potion of berserk rage {unknown}
 N - a potion of curing {unknown}
 O - a potion of invisibility {unknown}
 P - a potion of degeneration {unknown}
Comestibles
 d - 4 bread rations
 q - 2 fruits
 s - 5 meat rations
 z - a beef jerky
 B - a slice of pizza


   Skills:
 * Level 5.0 Fighting
 + Level 4.0 Long Blades
 * Level 5.4 Dodging
 + Level 4.2 Shields


You had 6 spell levels left.
You didn't know any spells.

Dungeon Overview and Level Annotations

Branches:
Dungeon (6/15)
 Temple: D:4-7

Altars:
Dithmenos
Fedhas
Gozag
Nemelex Xobeh
Sif Muna
Vehumet
The Shining One


Innate Abilities, Weirdness & Mutations

You cannot wear most types of armour.
You are amphibious.
You can wear up to eight rings at the same time.
You can use your tentacles to constrict many enemies at once.
Your skin changes colour to match your surroundings (Stealth).
Your rubbery body absorbs attacks (AC +1).


Message History

The crocodile closely misses you. The crocodile bites you!
You closely miss the crocodile.
The crocodile is heavily wounded.
The crocodile bites you!
* * * LOW HITPOINT WARNING * * *
You are too injured to fight recklessly!
You are too injured to fight recklessly!
You completely miss the crocodile.
The crocodile is heavily wounded.
You block the crocodile's attack.
Unknown command.
You hit the crocodile. You burn the crocodile. You squeeze the crocodile.
The crocodile is severely wounded.
The crocodile bites you! The Shining One protects you from harm!
You hit the crocodile. You burn the crocodile.
The crocodile is almost dead.
The crocodile bites you!!
You die...

≈≈# ##..#
. #..# #.
#≈.# #.≈
##.≈# #...
#≈≈.#
#.≈###..##
#..≈#≈..#
#.≈≈≈.##
#.≈≈≈@#
##.≈t##
#≈..#
[.#≈#≈
#[:#. (
##### ##


You could see a crocodile.

Vanquished Creatures
  Duvessa (D:5)
  A scorpion (D:5)
  Dowan (D:5)
  2 crimson imps (D:5)
  Crazy Yiuf (D:2)
  2 hounds
  An iguana (D:4)
  The ghost of Malachi the Insei, a weakling DsTm (D:3)
  Terence (D:2)
  4 gnolls (D:6)
  4 adders
  A shadow imp (D:5)
  3 giant mites
  3 worms
  2 giant geckos
  An ooze (D:4)
  13 orcs
  12 goblins
  13 hobgoblins
  2 jackals (Sewer)
  16 kobolds
  2 quokkas
  A ball python (D:4)
  8 bats
  A giant gecko zombie (D:5)
  9 giant newts
  12 rats
118 creatures vanquished.

Notes
Turn   | Place    | Note
--------------------------------------------------------------
     0 | D:1      | Johnny, the Octopode Fighter, began the quest for the Orb.
     0 | D:1      | Reached XP level 1. HP: 16/16 MP: 1/1
   209 | D:1      | Reached XP level 2. HP: 17/21 MP: 2/2
   469 | D:1      | Reached XP level 3. HP: 16/26 MP: 3/3
   814 | D:2      | Noticed Terence
   825 | D:2      | Killed Terence
   936 | D:2      | Reached XP level 4. HP: 15/31 MP: 4/4
  1562 | D:2      | Noticed Crazy Yiuf
  1569 | D:2      | Killed Crazy Yiuf
  1569 | D:2      | Reached skill level 4 in Dodging
  1701 | D:3      | Noticed Malachi's ghost (weakling DsTm)
  1716 | D:3      | Killed Malachi's ghost
  1716 | D:3      | Reached XP level 5. HP: 10/37 MP: 5/5
  1813 | D:3      | Found an opulent altar of Gozag.
  2029 | D:3      | Found a blossoming altar of Fedhas.
  2029 | D:3      | Found a sparkling altar of Nemelex Xobeh.
  2433 | D:4      | Found a shadowy altar of Dithmenos.
  2602 | D:5      | Entered Level 5 of the Dungeon
  2602 | D:5      | Noticed a phantom
  2704 | D:4      | HP: 1/37 [iguana (11)]
  2705 | D:4      | Reached XP level 6. HP: 1/43 MP: 6/6
  3316 | D:5      | Found a radiant altar of Vehumet.
  3316 | D:5      | Found a glowing golden altar of the Shining One.
  3330 | D:5      | Reached skill level 5 in Dodging
  3349 | D:5      | Found a deep blue altar of Sif Muna.
  3353 | D:5      | Became a worshipper of the Shining One
  3431 | D:5      | Noticed Duvessa
  3431 | D:5      | Noticed Dowan
  3471 | D:5      | Killed Duvessa
  3471 | D:5      | Reached XP level 7. HP: 21/49 MP: 7/7
  3476 | D:5      | Killed Dowan
  3476 | D:5      | Reached skill level 5 in Fighting
  3538 | D:5      | You fall through a shaft!
  3627 | D:6      | Found a glowing drain.
  3634 | Sewer    | Entered a sewer
  3706 | Sewer    | The Shining One protects you from harm!
  3707 | Sewer    | Slain by a crocodile

Action                   |  1- 3 |  4- 6 |  7- 9 || total
-------------------------+-------+-------+-------++-------
Melee: Long sword        |    13 |       |       ||    13
       Short sword       |    54 |   153 |    39 ||   246
       Mace              |       |    22 |       ||    22
Evoke: Wand              |       |     6 |     1 ||     7
  Use: Scroll            |       |       |     8 ||     8
       Potion            |       |       |     1 ||     1
 Stab: Sleeping          |     4 |     5 |       ||     9
  Eat: Chunk             |       |     9 |     1 ||    10
